 Dungeon Crawl Stone Soup version 0.27-a0-760-gc38aae387d (webtiles) character file.

Game seed: 12737662157052863464

148 sanka the Magician (level 5, 0/35 HPs)
             Began as a Djinni Conjurer on Mar 25, 2021.
             Slain by a dart slug (1 damage)
             ... on level 2 of the Dungeon.
             The game lasted 00:03:40 (2628 turns).

sanka the Magician (Djinni Conjurer)                Turns: 2628, Time: 00:03:40

Health: 0/35       AC:  3    Str:  6    XL:     5   Next: 30%
Gold:   63         EV: 12    Int: 21    God:
                   SH:  0    Dex: 11

rFire    + + .     SeeInvis .   (no weapon)
rCold    x . .     Faith    .   (no shield)
rNeg     . . .     Spirit   .   a - +0 robe
rPois    ∞         Reflect  .   c - +0 hat
rElec    .         Harm     .   (no cloak)
rCorr    .         Rampage  .   e - +0 pair of gloves
Will     .....                  (boots unavailable)
Stlth    ++........             (no amulet)
HPRegen  0.11/turn              (no ring)
MPRegen  0.00/turn              (no ring)

@: flying
A: fire resistance 2, cold vulnerability 1, float, innate caster, hp casting,
extra vitality 1
a: no special abilities


You were on level 2 of the Dungeon.
You visited 1 branch of the dungeon, and saw 2 of its levels.

You collected 63 gold pieces.


Innate Abilities, Weirdness & Mutations

You are immune to poison.
Your flesh is very heat resistant. (rF++)
You are vulnerable to cold. (rC-)
You float through the air rather than walking.
You learn spells naturally, not from books.
Your magical power is your life essence.
You have superior vitality. (+4 HP)


   Skills:
 - Level 2.1 Dodging
 - Level 1.5 Stealth
 + Level 5.5 Spellcasting


You couldn't memorise any spells.
You knew the following spells:

 Your Spells              Type           Power      Damage    Failure   Level
c - Iskenderun's Mystic   Conj/Tloc      29%        2d7       11%         4
i - Ensorcelled Hibernat  Hex/Ice        58%        N/A       1%          2
u - Sting                 Tmut/Pois      100%       1d8       1%          1
x - Searing Ray           Conj           58%        3d5       1%          2
y - Dazzling Flash        Conj/Hex       58%        N/A       3%          3
z - Magic Dart            Conj           100%       1d8       1%          1
Z - Fulminant Prism       Conj/Hex       14%        3d9       11%         4
Your spell library was empty.

Inventory:

Missiles
 n - 4 curare-tipped darts {=f}
Armour
 a - a +0 robe (worn)
 c - a +0 hat (worn)
 e - a +0 pair of gloves (worn)
 i - a +2 pair of gloves
Scrolls
 b - 2 scrolls of brand weapon {unknown}
 d - a scroll of blinking {unknown}
 f - a scroll of identify {unknown}
 g - a scroll of noise {unknown}
 j - a scroll of acquirement {unknown}
 k - a scroll of random uselessness {unknown}
 l - a scroll of teleportation {unknown}
Potions
 h - a potion of curing {unknown}
 m - a potion of resistance {unknown}

Dungeon Overview and Level Annotations

Branches:
Dungeon (2/15)

Altars:

▒▒▒........▒.........w..
.▒▒.▒▒...▒.▒▒▒▒.........
.▒▒.▒▒......▒▒▒.........
.....▒▒..........h...<..
▒▒.▒.▒▒.....▒▒▒.........
▒...▒▒.▒...▒▒..▒▒......
▒▒▒...........▒▒ ▒▒▒.▒
▒.▒▒.....▒..w▒▒▒ .
▒▒▒▒.▒▒.......▒.R.▒▒▒▒▒▒ ..
..............▒▒▒......▒...
...▒▒.▒▒..........▒........
.......▒......▒▒▒..........
..▒▒▒............▒▒........
▒▒▒ ▒.▒▒...................
▒.▒▒..........▒▒▒▒▒▒...
▒.▒▒..........▒ ..
▒.▒▒▒▒........▒


You could see a dart slug.


Message History

Aiming: Searing Ray (safe; 1% risk of failure)
Aim: Natasha (almost dead, 26% to evade)
The searing ray hits Natasha.
You kill Natasha!
You feel Natasha's spirit has finally been put to rest. (Press . to maintain the ray.)
* * * LOW HITPOINT WARNING * * *
Aiming: Magic Dart (safe; 1% risk of failure)
Aim: a dart slug (0% to evade)
The magic dart hits the dart slug.
The dart slug is heavily wounded.
* * * LOW HITPOINT WARNING * * *
Aiming: Magic Dart (safe; 1% risk of failure)
Aim: a dart slug (heavily wounded, 0% to evade)
The magic dart hits the dart slug.
The dart slug is heavily wounded.
* * * LOW HITPOINT WARNING * * *
You hit the dart slug but do no damage.
The dart slug is heavily wounded.
The dart slug closely misses you.
You hit the dart slug.
The dart slug is severely wounded.
You hit the dart slug.
The dart slug is severely wounded.
The dart slug misses you.
You don't have enough health to cast this spell.
You hit the dart slug but do no damage.
The dart slug is severely wounded.
The dart slug bites you.
You die...

Action                   |  1- 3 |  4- 6 || total
-------------------------+-------+-------++-------
Melee: Unarmed           |     8 |     4 ||    12
 Cast: Magic Dart        |    36 |    23 ||    59
       Searing Ray       |     3 |     4 ||     7
Armor: Robe              |    11 |       ||    11
Dodge: Dodged            |    25 |     7 ||    32

Levels and vault maps discovered:
D:1:      minmay_arrival_four_loops, layout_basic, nrook_loot_triangle
D:2:      layout_rooms, uniq_natasha, uniq_jessica

Notes
Turn   | Place    | Note
-------+----------+-------------------------------------------
     0 | D:1      | sanka the Djinni Conjurer began the quest for the Orb.
     0 | D:1      | Reached XP level 1. HP: 15/15 MP: 0/0
   286 | D:1      | Reached XP level 2. HP: 6/21 MP: 0/0
   566 | D:1      | Reached skill level 4 in Spellcasting
  1524 | D:1      | Reached XP level 3. HP: 16/25 MP: 0/0
  1524 | D:1      | Learned a level 1 spell: Sting
  1837 | D:2      | Noticed Natasha
  1850 | D:2      | Killed Natasha
  1851 | D:2      | Reached XP level 4. HP: 5/31 MP: 0/0
  2124 | D:2      | Noticed Jessica
  2126 | D:2      | Noticed Natasha
  2133 | D:2      | Killed Natasha
  2134 | D:2      | Reached skill level 5 in Spellcasting
  2135 | D:2      | Killed Jessica
  2355 | D:2      | Reached XP level 5. HP: 30/35 MP: 0/0
  2355 | D:2      | Learned a level 2 spell: Ensorcelled Hibernation
  2561 | D:2      | Noticed Natasha
  2622 | D:2      | Killed Natasha
  2628 | D:2      | Slain by a dart slug

Vanquished Creatures
  Jessica (D:2)
  Natasha (thrice) (D:2)
  An adder (D:1)
  3 dart slugs
  4 ball pythons (D:1)
  2 bats
  2 endoplasms (D:1)
  2 hobgoblins
  8 jackals
  A quokka (D:1)
  2 goblins
  3 kobolds
  4 rats
36 creatures vanquished.
